 Dungeon Crawl Stone Soup version 0.21.1-1-g345015fe64 (webtiles) character file.

15628 Lentor the Carver (level 12, -17/108 HPs)
             Began as a Minotaur Berserker on June 9, 2018.
             Was the Champion of Trog.
             Demolished by a red devil
             ... wielding a +0 trident
             ... summoned by Frances
              (20 damage)
             ... on level 12 of the Dungeon.
             The game lasted 00:36:00 (10372 turns).

Lentor the Carver (Minotaur Berserker)             Turns: 10372, Time: 00:36:00

Health: -17/108    AC: 14    Str: 29    XL:     12   Next: 2%
Magic:  11/11      EV: 18    Int:  4    God:    Trog [******]
Gold:   518        SH:  6    Dex: 18    Spells: 11/11 levels left

rFire    . . .     SeeInvis +   P - +7 falchion
rCold    . . .     Gourm    .   m - +0 buckler
rNeg     + + .     Faith    +   C - +3 leather armour {rN+}
rPois    .         Spirit   .   D - +1 hat {SInv}
rElec    +         Reflect  .   f - +2 cloak
rCorr    .         Harm     .   k - +0 pair of gloves
MR       .....                  j - +0 pair of boots
Stlth    ++++......             N - amulet "Amycaprugea" {Faith Str+4}
HPRegen  0.28/turn              g - +1 ring of slaying
MPRegen  0.12/turn              O - ring of Moral Flaws {Wiz +Blink rN+ Dex+4 Stlth+}

@: no status effects
A: retaliatory headbutt, horns 2, agile 1, sense surroundings 1, electricity
resistance
a: Berserk, Trog's Hand, Brothers in Arms, Burn Spellbooks, Renounce Religion,
Evoke Blink


You were on level 12 of the Dungeon.
You worshipped Trog.
Trog was exalted by your worship.
You were near starving.

You visited 2 branches of the dungeon, and saw 13 of its levels.

You collected 518 gold pieces.

Inventory:

Hand Weapons
 a - a +2 long sword of holy wrath
 P - a +7 falchion (weapon)
Missiles
 d - 3 tomahawks of returning (quivered)
Armour
 f - a +2 cloak (worn)
 j - a +0 pair of boots (worn)
 k - a +0 pair of gloves (worn)
 m - a +0 buckler (worn)
 C - a +3 leather armour of positive energy (worn)
 D - a +1 hat of see invisible (worn)
 E - a scarf of resistance
 Q - a +0 plate armour
Jewellery
 g - a +1 ring of slaying (left hand)
 l - an uncursed ring of resist corrosion
 n - an uncursed ring of see invisible
 p - an uncursed amulet of the gourmand
 s - an uncursed ring of flight {unknown}
 G - an uncursed amulet of rage
 L - the ring "Itabig" {Wiz Int+4}
   (You found it on level 8 of the Dungeon)

   [ring of wizardry]

   It improves your spell success rate.
   It affects your intelligence (+4).
 M - the ring of Plog {*Tele Int+2}
   (You found it on level 8 of the Dungeon)

   [ring of teleportation]

   It may teleport you next to monsters.
   It affects your intelligence (+2).
 N - the amulet "Amycaprugea" (around neck) {Faith Str+4}
   (You found it on level 8 of the Dungeon)

   [amulet of faith]

   It allows you to gain divine favour quickly.
   It affects your strength (+4).
 O - the ring of Moral Flaws (right hand) {Wiz +Blink rN+ Dex+4 Stlth+}
   (You found it on level 8 of the Dungeon)

   [ring of wizardry]

   It improves your spell success rate.
   It affects your dexterity (+4).
   It protects you from negative energy.
   It lets you blink.
   It makes you more stealthy.
Wands
 o - a wand of acid (7)
 q - a wand of paralysis (6)
 w - a wand of iceblast (17)
 B - a wand of polymorph (28)
 F - a wand of digging (26)
 H - a wand of random effects (32)
 I - a wand of flame (48)
Scrolls
 i - 5 scrolls of identify
 t - a scroll of enchant weapon
 u - 7 scrolls of remove curse
 v - 3 scrolls of teleportation
 y - 2 scrolls of magic mapping
 J - a scroll of fog
Potions
 b - 4 potions of curing
 e - a potion of resistance
 h - 2 potions of agility
 x - a potion of cancellation
 z - 3 potions of haste
 A - 2 potions of might
 K - 4 potions of heal wounds
 R - 2 potions of invisibility
Comestibles
 c - 11 rations


   Skills:
 + Level 10.9 Fighting
 + Level 14.6 Long Blades
 + Level 7.7 Armour
 + Level 8.0 Dodging
 + Level 5.3 Stealth
 + Level 7.3 Shields


You had 11 spell levels left.
You didn't know any spells.

Dungeon Overview and Level Annotations

Branches:
Dungeon (12/15)            Temple (1/1) D:5            Lair (0/6) D:9
    Orc (0/2) D:11

Altars:
Ashenzari
Cheibriados
Dithmenos
Elyvilon
Fedhas
Gozag
Hepliaklqana
Kikubaaqudgha
Makhleb
Nemelex Xobeh
Okawaru
Qazlal
Ru
Sif Muna
Trog
Uskayaw
Vehumet
Wu Jian
Xom
Yredelemnul
Zin
The Shining One

Shops:
D:5 %

Annotations:
D:12 Frances


Innate Abilities, Weirdness & Mutations

You reflexively headbutt those who attack you in melee.
You have a pair of horns on your head.
You are agile. (Dex +2)
You passively map a small area around you.
You are resistant to electric shocks. (rElec)


Message History

The neqoxec gestures.
Frances closely misses you. You furiously retaliate!
You headbutt Frances, but do no damage. Frances hits you with a short sword!
* * * LOW HITPOINT WARNING * * *
You see here an arrow.
The neqoxec gestures.
Frances hits you with a short sword!
* * * LOW HITPOINT WARNING * * *
Frances mutters in a terrible tongue.
The shard of ice hits you!
* * * LOW HITPOINT WARNING * * *
The ufetubus disappears in a puff of smoke!
Frances screams a word of power!
The shard of ice misses you.
There is a stone staircase leading up here.
Frances hits you with a short sword!
* * * LOW HITPOINT WARNING * * *
The red devil hits you from afar with a trident!!
You die...

.... , .... , , *
#..#* * * #..# #..# *
#..# ,
###########..#######.
#.....4.3(55...†.....
#...@@J.3J.5...5.....
######.>#####5.#####.
#..# #..# #..# #..#
#..# #..# #..# #..#
#..# #..# , ####


You could see Frances, 2 slime creatures, a smoke demon, a neqoxec, a red devil,
a shadow imp and 2 ufetubi.

Vanquished Creatures
  Gastronok (D:11)
  Erolcha (D:9)
  3 two-headed ogres
  Pikel (D:9)
  A cyclops (D:11)
  Psyche (D:9)
  2 trolls
  A hippogriff (D:7)
  16 yaks
  A hungry ghost (D:10)
  The ghost of
  359359 the Insei, an amateur OpTm (D:3)
  Duvessa (D:6)
  A porcupine (D:9)
  A slave (D:9)
  2 eyes of draining (D:9)
  3 sky beasts
  2 orc warriors
  A phantom (D:10)
  10 ogres
  3 centaurs
  2 big kobolds (D:9)
  5 bullfrogs
  A wyvern zombie (D:10)
  10 scorpions
  Dowan (D:6)
  20 killer bees
  3 wights (D:9)
  5 howler monkeys
  3 crimson imps
  3 jellies
  5 hounds
  A quasit (D:9)
  4 centaur zombies
  5 orc priests
  A bullfrog skeleton (D:4)
  2 centaur skeletons
  5 orc wizards
  Natasha (twice) (D:2)
  2 iguanas
  9 worker ants
  A hound zombie (D:10)
  A howler monkey zombie (D:7)
  13 gnolls
  12 adders
  3 shadow imps
  3 oozes
  An adder zombie (D:7)
  An adder skeleton (D:7)
  2 dart slugs (D:1)
  2 worms
  4 leopard geckos
  35 orcs
  A ball python (D:3)
  10 giant cockroaches
  8 hobgoblins
  9 jackals
  18 kobolds
  3 quokkas
  16 bats
  4 frilled lizards
  6 goblins
  A jackal skeleton (D:4)
  2 quokka skeletons
  10 rats
308 creatures vanquished.

Vanquished Creatures (collateral kills)
  A two-headed ogre (D:8)
  The ghost of Mesmodan the Cleaver, a novice MiFi of the Shining One (D:8)
  A slime creature (D:8)
  2 yaks (D:8)
  A killer bee (D:8)
  A howler monkey (D:8)
7 creatures vanquished.

Grand Total: 315 creatures vanquished

Notes
Turn   | Place    | Note
-------+----------+-------------------------------------------
     0 | D:1      | Lentor the Minotaur Berserker began the quest for the Orb.
     0 | D:1      | Reached XP level 1. HP: 19/19 MP: 0/0
    68 | D:1      | Reached XP level 2. HP: 13/27 MP: 1/1
    81 | D:1      | Reached skill level 4 in Long Blades
    82 | D:1      | HP: 1/27 [dart slug (1)]
   759 | D:1      | Reached XP level 3. HP: 33/34 MP: 2/2
  1021 | D:2      | Noticed Natasha
  1027 | D:2      | Killed Natasha
  1027 | D:2      | Reached ** piety under Trog
  1138 | D:2      | Reached XP level 4. HP: 41/41 MP: 3/3
  1176 | D:2      | Found a glowing golden altar of the Shining One.
  1322 | D:2      | Reached skill level 5 in Long Blades
  1458 | D:2      | Reached skill level 5 in Fighting
  1458 | D:2      | Reached XP level 5. HP: 48/48 MP: 4/4
  1459 | D:2      | Found a shimmering altar of Xom.
  1580 | D:2      | Noticed Natasha
  1593 | D:2      | Killed Natasha
  1884 | D:3      | Found a shattered altar of Ashenzari.
  2081 | D:3      | Reached *** piety under Trog
  2132 | D:3      | Noticed 359359's ghost (amateur OpTm)
  2136 | D:3      | Killed 359359's ghost
  2136 | D:3      | Reached skill level 6 in Long Blades
  2136 | D:3      | Reached XP level 6. HP: 56/56 MP: 5/5
  2162 | D:3      | Reached skill level 1 in Shields
  2368 | D:4      | Reached XP level 7. HP: 61/61 MP: 6/6
  2630 | D:4      | Found a blossoming altar of Fedhas.
  2648 | D:4      | Reached skill level 7 in Long Blades
  2810 | D:4      | Reached **** piety under Trog
  2904 | D:4      | Reached skill level 5 in Armour
  3020 | D:5      | Entered Level 5 of the Dungeon
  3276 | D:5      | Reached skill level 8 in Long Blades
  3279 | D:5      | Reached XP level 8. HP: 36/70 MP: 7/7
  3785 | D:5      | You fall through a shaft!
  3974 | D:5      | Found a staircase to the Ecumenical Temple.
  3990 | Temple   | Entered the Ecumenical Temple
  4280 | D:5      | Found Xelecer's Food Emporium.
  4496 | D:6      | Noticed Dowan
  4497 | D:6      | Noticed Duvessa
  4503 | D:6      | Killed Dowan
  4514 | D:6      | Killed Duvessa
  4514 | D:6      | Reached skill level 9 in Long Blades
  4999 | D:6      | Reached skill level 1 in Stealth
  5302 | D:6      | Found a hide-covered altar of Uskayaw.
  5310 | D:6      | Reached XP level 9. HP: 79/79 MP: 8/8
  5659 | D:7      | Reached ***** piety under Trog
  5676 | D:7      | Found a snail-covered altar of Cheibriados.
  5718 | D:7      | Reached skill level 10 in Long Blades
  6090 | D:7      | Reached skill level 5 in Dodging
  6280 | D:7      | Found an opulent altar of Gozag.
  6281 | D:7      | Found an iron altar of Okawaru.
  6778 | D:8      | Reached skill level 11 in Long Blades
  6826 | D:8      | Noticed a two-headed ogre
  6834 | D:8      | Killed a two-headed ogre
  6996 | D:8      | Noticed Mesmodan's ghost (novice MiFi)
  7021 | D:8      | Killed Mesmodan's ghost
  7021 | D:8      | Reached XP level 10. HP: 25/88 MP: 9/9
  7294 | D:8      | Reached skill level 12 in Long Blades
  7457 | D:8      | Noticed a two-headed ogre
  7473 | D:8      | Killed a two-headed ogre
  7477 | D:8      | Reached skill level 5 in Shields
  7576 | D:8      | Got a wavering golden ring
  7710 | D:8      | Got a crude golden ring
  7713 | D:8      | Got a coiled platinum amulet
  7720 | D:8      | Got a shimmering platinum ring
  7722 | D:8      | Identified the ring "Itabig" {Wiz Int+4} (You found it on level 8 of the Dungeon)
  7724 | D:8      | Identified the ring of Plog {*Tele Int+2} (You found it on level 8 of the Dungeon)
  7726 | D:8      | Identified the ring of Moral Flaws {Wiz +Blink rN+ Dex+4 Stlth+} (You found it on level 8 of the Dungeon)
  7728 | D:8      | Identified the amulet "Amycaprugea" {Faith Str+4} (You found it on level 8 of the Dungeon)
  8005 | D:9      | Noticed a two-headed ogre
  8014 | D:9      | Killed a two-headed ogre
  8145 | D:9      | Noticed Psyche
  8155 | D:9      | Killed Psyche
  8157 | D:9      | Reached skill level 13 in Long Blades
  8319 | D:9      | Found a staircase to the Lair.
  8337 | D:9      | Noticed Pikel
  8350 | D:9      | Killed Pikel
  8496 | D:9      | Reached XP level 11. HP: 93/97 MP: 10/10
  8505 | D:9      | Noticed a two-headed ogre
  8521 | D:9      | Killed a two-headed ogre
  8636 | D:9      | Noticed Erolcha
  8641 | D:9      | Killed Erolcha
  8849 | D:9      | Gained mutation: You are clumsy. (Dex -2) [potion of mutation]
  8849 | D:9      | Gained mutation: You are resistant to electric shocks. (rElec) [potion of mutation]
  8850 | D:9      | Lost mutation: You are clumsy. (Dex -2) [potion of mutation]
  8850 | D:9      | Lost mutation: You are resistant to electric shocks. (rElec) [potion of mutation]
  8850 | D:9      | Gained mutation: You are resistant to electric shocks. (rElec) [potion of mutation]
  8850 | D:9      | Gained mutation: You passively map a small area around you. [potion of mutation]
  8850 | D:9      | Gained mutation: You are agile. (Dex +2) [potion of mutation]
  8871 | D:10     | Entered Level 10 of the Dungeon
  8965 | D:10     | Received a gift from Trog
  9324 | D:10     | Reached skill level 10 in Fighting
  9337 | D:10     | Reached skill level 14 in Long Blades
  9561 | D:11     | Reached skill level 5 in Stealth
  9828 | D:11     | Noticed Gastronok
  9838 | D:11     | Killed Gastronok
 10002 | D:11     | Reached ****** piety under Trog
 10270 | D:11     | Found a staircase to the Orcish Mines.
 10347 | D:12     | Noticed Frances
 10349 | D:12     | Reached XP level 12. HP: 108/108 MP: 11/11
 10372 | D:12     | HP: 3/108 [Frances/short sword (13)]
 10372 | D:12     | Demolished by a red devil

Skill      XL: |  1  2  3  4  5  6  7  8  9 10 11 12 |
---------------+-------------------------------------+-----
Fighting       | 4 5 6 7 8 9 10 | 10.9
Long Blades    | 4 5 6 8 9 11 13 14 | 14.6
Armour         | 3 4 5 7 |  7.7
Dodging        | 3 4 5 6 7 8 |  8.0
Shields        | 1 2 3 4 5 7 |  7.3
Stealth        | 1 2 3 5 |  5.3

Action                   |  1- 3 |  4- 6 |  7- 9 | 10-12 || total
-------------------------+-------+-------+-------+-------++-------
Melee: Falchion          |    50 |   148 |   288 |   298 ||   784
       Headbutt          |    13 |    30 |    57 |    98 ||   198
Invok: Berserk           |     3 |     3 |     5 |     9 ||    20
       Burn Spellbooks   |       |     1 |     1 |       ||     2
       Brothers in Arms  |       |       |     1 |     1 ||     2
  Use: Scroll            |       |     7 |     8 |    10 ||    25
       Potion            |       |       |       |     2 ||     2
 Stab: Sleeping          |       |       |     1 |     9 ||    10
       Distracted        |       |       |     1 |       ||     1
  Eat: Ration            |     1 |     1 |     1 |     2 ||     5
       Chunk             |       |     5 |    17 |    11 ||    33
Armor: Animal skin       |     8 |       |       |       ||     8
       Scale mail        |    15 |    99 |    46 |       ||   160
       Leather armour    |       |       |    33 |    49 ||    82
Dodge: Dodged            |    46 |   103 |   132 |   161 ||   442
Block: Buckler           |     7 |    21 |    46 |    54 ||   128
       Rpst.: Falchion   |    13 |    19 |    40 |    39 ||   111
